 Dungeon Crawl Stone Soup version 0.30-a0-721-ga6a225cb13 (webtiles) character file.

Game seed: 18096718308497130063

10992 Absynth the Tainter (level 11, -2/92 HPs)
             Began as a Red Draconian Transmuter on Jan 27, 2023.
             Was a High Priest of Cheibriados.
             Slain by a shadow (14 damage)
             ... on level 10 of the Dungeon.
             The game lasted 00:42:12 (11418 turns).

Absynth the Tainter (Red Draconian Transmuter)     Turns: 11418, Time: 00:42:13

Health: -2/92      AC: 10    Str: 29    XL:     11   Next: 43%
Magic:  15/18      EV: 15    Int: 28    God:    Cheibriados [*****.]
Gold:   647        SH:  0    Dex: 30    Spells: 5/20 levels left

rFire   x . .      SeeInvis .      - Unarmed
rCold   + + +      Faith    .    (shield currently unavailable)
rNeg    . . .      Spirit   .    (body armour unavailable)
rPois   +          Reflect  .    (helmet currently unavailable)
rElec   .          Harm     .    (cloak currently unavailable)
rCorr   .          Rampage  .    (gloves currently unavailable)
Will    .....                    (boots currently unavailable)
Stlth   +                        C - amulet of Zin's Scorn {rC+ Regen+}
HPRegen 1.15/turn                x - +6 ring of strength
MPRegen 0.16/turn                g - +6 ring of dexterity

@: confused, ice-form, wereblooded, studying Fighting, very slow
A: freezing attack, amphibious, boosted hp, (breathe fire), AC +7, large,
unfitting armour, (fire resistance 1), (cold-blooded)
a: End Transformation, Renounce Religion, Bend Time, Temporal Distortion,
Slouch, Step From Time


You were on level 10 of the Dungeon.
You worshipped Cheibriados.
Cheibriados was extremely pleased with you.
You were a creature of crystalline ice.
You visited 2 branches of the dungeon, and saw 12 of its levels.
You also visited: Sewer.

You collected 647 gold pieces.

Inventory:

Missiles
 c - 109 stones
 p - 24 poisoned darts (quivered)
 F - 4 curare-tipped darts
Armour
 b - a +0 pair of gloves (melded)
 d - a +0 pair of boots of stealth (melded)
 G - a +2 cloak (melded)
Magical Staves
 q - a staff of cold
Jewellery
 g - a +6 ring of dexterity (right front paw)
 w - an amulet of the acrobat
 x - a +6 ring of strength (left front paw)
 A - an amulet of magic regeneration
 C - the amulet of Zin's Scorn (around neck) {rC+ Regen+}
   (You found it on level 7 of the Dungeon)

   [amulet of regeneration]

   rC:        It protects you from cold.
   Regen:     It increases your rate of health regeneration.
Wands
 i - a wand of mindburst (3)
 t - a wand of paralysis (30)
 y - a wand of flame (46)
 D - a wand of polymorph (8)
Scrolls
 e - 10 scrolls of identify
 h - a scroll of amnesia
 j - 6 scrolls of teleportation
 m - a scroll of silence
 s - a scroll of fear
 u - 2 scrolls of enchant armour
 E - a scroll of blinking
Potions
 a - 4 potions of lignification
 f - 2 potions of mutation {unknown}
 k - a potion of curing
 l - 2 potions of invisibility {unknown}
 n - 3 potions of magic {unknown}
 o - 5 potions of flight
 r - 3 potions of might
 v - 2 potions of haste
 z - 3 potions of brilliance {unknown}
 B - a potion of degeneration {unknown}


   Skills:
 + Level 1.2 Fighting
 + Level 5.3 Dodging
 * Level 8.4 Unarmed Combat
 + Level 5.2 Spellcasting
 - Level 9.0 Transmutations
 - Level 5.0 Ice Magic
 - Level 10.0 Poison Magic


You had 5 spell levels left.
You knew the following spells:

 Your Spells              Type           Power      Damage    Failure   Level
e - Eringya's Noxious Bo  Tmut/Pois      28%        N/A       21%         6
i - Ice Form              Ice/Tmut       46%        N/A       3%          4
s - Spider Form           Tmut/Pois      57%        N/A       1%          3
w - Wereblood             Tmut           55%        N/A       1%          2

Your spell library contained the following spells:

 Spells                   Type           Power      Damage    Failure   Level
 Beastly Appendage        Tmut           100%       N/A       1%          1
 Ensorcelled Hibernation  Hex/Ice        42%        N/A       3%          2
 Alistair's Intoxication  Tmut/Pois      38%        N/A       3%          5
 Apportation              Tloc           14%        N/A       7%          1
 Necrotise                Necr           28%        1d5       7%          1
 Anguish                  Hex/Necr       3%         N/A       54%         4
 Summon Forest            Summ/Tloc      3%         N/A       88%         5
 Conjure Ball Lightning   Conj/Air       3%         3x3d6     100%        6
 Summon Hydra             Summ           3%         N/A       100%        7
 Discord                  Hex            3%         N/A       100%        8
 Disjunction              Tloc           3%         N/A       100%        8


Dungeon Overview and Level Annotations

Branches:
Dungeon (11/15)            Temple (1/1) D:4            Lair (0/5) D:8
    Orc (0/2) D:10          Sewer (visited)

Altars:
Ashenzari
Cheibriados
Dithmenos
Elyvilon
Fedhas
Gozag
Hepliaklqana
Kikubaaqudgha
Makhleb
Nemelex Xobeh
Okawaru
Qazlal
Ru
Sif Muna
Trog
Uskayaw
Vehumet
Wu Jian
Xom
Yredelemnul
Zin
The Shining One
Jiyva


Innate Abilities, Weirdness & Mutations

You are a creature of crystalline ice.
You have a powerful freezing melee attack.
You are amphibious.
Your maximum health is increased.
Your armour is entirely melded.
You are incapable of wielding weapons or throwing items.
((You can breathe blasts of fire.))
((Your fiery red scales are hard. (AC +7)))
You cannot fit into any form of body armour.
((Your flesh is heat resistant. (rF+)))
((You are cold-blooded and may be slowed by cold attacks.))


Message History

The shadow hits you.
You feel better. The vampire closely misses you. The vampire misses you.
The shadow misses you.
You barely miss the vampire.
The vampire is lightly damaged.
The vampire points at you and mumbles some strange words.
You are confused.
You bump into the rock wall.
The shadow hits you!
* * * LOW HITPOINT WARNING * * *
The vampire hits you!
* * * LOW HITPOINT WARNING * * *
The vampire misses you.
You bump into the rock wall.
The shadow barely misses you. The vampire casts a spell at you.
You are more confused.
You pummel the vampire!!
The vampire is severely damaged.
The shadow completely misses you. The vampire draws life force from you.
* * * LOW HITPOINT WARNING * * *
The vampire is healed by the life force!
You bump into the rock wall.
The shadow slips into darkness.
The shadow flickers and vanishes!
Deactivating autopickup; reactivate with Ctrl-A.
The vampire casts a spell.
The vampire flickers and vanishes!
You barely miss something.
The shadow strikes at you from the darkness!
* * * LOW HITPOINT WARNING * * *
Reactivating autopickup.
You bump into the rock wall.
Something hits you but does no damage.
Deactivating autopickup; reactivate with Ctrl-A.
Something bites you but does no damage.
The shadow slips into darkness.
The shadow flickers and vanishes!
You bump into the rock wall.
Something hits you.
* * * LOW HITPOINT WARNING * * *
Something completely misses you.
The shadow strikes at you from the darkness!
You die...

#..#####........................#
...# ##.###################..#.#
..#####..# #...##.# .......).#
##.###..# #..###...##### #..#
#.## #..# #.#.....# ##.## #.#
#..###.#####[##### #..# #.#
#......### #....{#######.## #.#
##.###...#######Y{..<.#..# #.#
#.##..#..# ######...## #.#
#....###.### #....## #.# ##..##
#...# #.##..### #.# ###..# ###.#
###.###)))###.# #...##### #.#
###...# ###.....# #.#.....###.#
#...### ####..##
..#####.....####.### ##..# ###
#####.....?.# #..#


There were no monsters in sight!

Vanquished Creatures
  2 two-headed ogres
  Sonja (D:10)
  A manticore (D:7)
  A cyclops (D:7)
  A black mamba (shapeshifter) (D:10)
  Maurice (D:9)
  A gargoyle (D:10)
  2 trolls
  A wyvern (D:10)
  Eustachio (D:5)
  10 yaks
  6 steam dragons
  A vampire mosquito (D:7)
  Menkaure (D:6)
  An acid dragon (D:8)
  Edmund (D:5)
  3 water moccasins
  2 orc warriors (D:9)
  A black bear (D:8)
  2 sky beasts (D:7)
  3 ogres
  3 wolves (D:8)
  4 centaurs
  2 kobold brigands
  2 bullfrogs
  A gnoll sergeant (D:6)
  4 scorpions
  9 wights
  4 killer bees (D:8)
  An electric eel (D:8)
  9 howler monkeys
  5 jellies
  5 orc priests
  2 gnoll boudas
  Crazy Yiuf (D:5)
  8 hounds
  3 iguanas
  Ijyb (D:3)
  8 orc wizards
  12 gnolls
  4 adders
  2 river rats (Sewer)
  A shadow imp (D:6)
  An ufetubus (D:5)
  2 worms
  4 dart slugs
  16 orcs
  4 ball pythons
  6 bats
  4 endoplasms
  5 giant cockroaches
  4 goblins
  4 hobgoblins
  17 kobolds
  A quokka (D:2)
  5 frilled lizards
  8 rats
  A spectral goblin (D:4)
216 creatures vanquished.

Vanquished Creatures (others)
  2 fungi (D:6)
  A withered plant (D:11)
3 creatures vanquished.

Grand Total: 219 creatures vanquished

Notes
Turn   | Place    | Note
-------+----------+-------------------------------------------
     0 | D:1      | Absynth the Draconian Transmuter began the quest for the
                  | Orb.
     0 | D:1      | Reached XP level 1. HP: 16/16 MP: 3/3
   291 | D:1      | Reached XP level 2. HP: 23/23 MP: 3/5
   339 | D:1      | Learned a level 2 spell: Wereblood
  1467 | D:2      | Reached XP level 3. HP: 28/28 MP: 4/6
  2051 | D:3      | Noticed Ijyb
  2052 | D:3      | Paralysed by Ijyb for 5 turns
  2060 | D:3      | Paralysed by Ijyb for 4 turns
  2070 | D:3      | Paralysed by Ijyb for 3 turns
  2082 | D:3      | Killed Ijyb
  2083 | D:3      | Reached XP level 4. HP: 26/35 MP: 7/7
  2144 | D:3      | Found a faded altar of an unknown god.
  2152 | D:3      | Got Plato's Secrets of Gloom
  2236 | D:3      | Learned a level 3 spell: Spider Form
  2327 | D:3      | Noticed an ice beast
  2425 | D:4      | Found a glowing drain.
  2466 | Sewer    | Entered a sewer
  2477 | Sewer    | Reached skill level 1 in Poison Magic
  2530 | Sewer    | Noticed a kobold brigand
  2569 | Sewer    | Killed a kobold brigand
  2570 | Sewer    | Reached skill level 2 in Poison Magic
  2570 | Sewer    | Reached XP level 5. HP: 10/40 MP: 5/8
  2802 | Sewer    | Found a white marble altar of Elyvilon.
  3185 | D:4      | Reached skill level 3 in Poison Magic
  3206 | D:4      | Noticed an ogre
  3214 | D:4      | Killed an ogre
  3215 | D:4      | Reached skill level 4 in Poison Magic
  3215 | D:4      | Reached XP level 6. HP: 28/47 MP: 6/9
  3292 | D:4      | Found a staircase to the Ecumenical Temple.
  3368 | Temple   | Entered the Ecumenical Temple
  3480 | Temple   | Became a worshipper of Cheibriados the Contemplative
  3704 | D:4      | Found a hazy altar of Hepliaklqana.
  4167 | D:5      | Entered Level 5 of the Dungeon
  4203 | D:5      | Your scales start taking on a fiery red colour.
  4203 | D:5      | Reached XP level 7. HP: 51/52 MP: 6/10
  4203 | D:5      | Gained mutation: Your flesh is heat resistant. (rF+) [Red
                  | Draconian growth]
  4393 | D:5      | Reached skill level 5 in Transmutations
  4393 | D:5      | Reached skill level 5 in Poison Magic
  4542 | D:5      | Noticed Edmund
  4562 | D:5      | Killed Edmund
  4566 | D:5      | Reached * piety under Cheibriados
  4567 | D:5      | HP: 1/52 [poisoned by a scorpion]
  4934 | D:5      | Noticed Eustachio
  5029 | D:5      | Killed Eustachio
  5114 | D:5      | Reached XP level 8. HP: 56/59 MP: 8/12
  5287 | D:5      | Found a sacrificial altar of Ru.
  5449 | D:5      | Found a runed translucent door.
  5450 | D:5      | Noticed Crazy Yiuf
  5458 | D:5      | Killed Crazy Yiuf
  5611 | D:6      | Reached skill level 5 in Unarmed Combat
  5827 | D:6      | Reached skill level 1 in Ice Magic
  6146 | D:6      | Noticed Menkaure
  6148 | D:6      | Killed Menkaure
  6169 | D:6      | Learned a level 4 spell: Ice Form
  6454 | D:6      | Reached skill level 5 in Ice Magic
  6980 | D:6      | Reached XP level 9. HP: 60/64 MP: 10/13
  6989 | D:7      | Reached ** piety under Cheibriados
  7119 | D:7      | Noticed a cyclops
  7138 | D:7      | Killed a cyclops
  7242 | D:7      | Noticed a manticore
  7258 | D:7      | Killed a manticore
  7811 | D:7      | Identified the amulet of Zin's Scorn {rC+ Regen+}
  8142 | D:8      | Noticed a troll
  8147 | D:8      | Found a staircase to the Lair.
  8265 | D:8      | Reached XP level 10. HP: 71/71 MP: 13/16
  8369 | D:8      | Reached *** piety under Cheibriados
  8601 | D:8      | Found a flagged portal.
  8694 | D:8      | Reached skill level 5 in Dodging
  8705 | D:8      | Reached skill level 5 in Spellcasting
  8836 | D:8      | Reached **** piety under Cheibriados
  9451 | D:8      | Learned a level 6 spell: Eringya's Noxious Bog
  9495 | D:9      | Noticed a two-headed ogre
  9503 | D:9      | Killed a two-headed ogre
  9504 | D:9      | Reached skill level 6 in Poison Magic
  9667 | D:9      | Found a white marble altar of Elyvilon.
  9767 | D:9      | Reached skill level 7 in Poison Magic
  9833 | D:9      | Found a shimmering altar of Xom.
  9855 | D:9      | Found a viscous altar of Jiyva.
  9925 | D:9      | Found a broken altar of Ashenzari.
  9963 | D:9      | Noticed Maurice
 10035 | D:9      | Reached XP level 11. HP: 77/77 MP: 18/18
 10130 | D:9      | Killed Maurice
 10468 | D:10     | Entered Level 10 of the Dungeon
 10521 | D:10     | Found a staircase to the Orcish Mines.
 10628 | D:10     | Reached skill level 8 in Poison Magic
 10668 | D:10     | Reached ***** piety under Cheibriados
 10735 | D:10     | Found an opulent altar of Gozag.
 10822 | D:10     | Reached skill level 9 in Poison Magic
 10846 | D:10     | Noticed a two-headed ogre
 10871 | D:10     | Killed a two-headed ogre
 10955 | D:10     | Noticed Sonja
 11063 | D:10     | Killed Sonja
 11400 | D:11     | Reached skill level 10 in Poison Magic
 11418 | D:10     | Slain by a shadow

Illustrated notes

Levels and vault maps discovered:
D:1:      shiori_arrival_elements, layout_basic, kennysheep_boxes
D:2:      layout_loops_ring
D:3:      layout_basic, shapermc_ecumenical_altar_rom_forum, uniq_ijyb
D:4:      cheibrodos_quashed, layout_basic,
          nicolae_hepliaklqana_monster_ancestors, temple_pool_b,
          cheibrodos_sewer_entry_bend
D:5:      layout_basic, mainiacjoe_overflow_brackets, nrook_mini_vaults,
          hex_intersection, uniq_eustachio, uniq_crazy_yiuf_cottage, uniq_edmund
D:6:      kennysheep_steamy, layout_cave_pods,
          nicolae_concentric_dashed_squares_wild, uniq_menkaure
D:7:      layout_rooms, minmay_misc_feat_rugged, minmay_misc_feat_more_columns,
          kb_rosetta
D:8:      layout_cave_pods, erik_lair_island, enter_bailey_6, minmay_manual_mess
D:9:      layout_gridville, lemuel_doored_altar, mainiacjoe_overflow_catwalk,
          amcnicky_altar_gilded, jiyva_altar_1, uniq_maurice
D:10:     layout_rooms, lemuel_round_altar, orc_0_dummy, uniq_sonja
D:11:     nzn_winding_woodlands_small
          [nzn_winding_woodlands_5x15_river_crossing,
          nzn_winding_woodlands_center_lodge, nzn_winding_woodlands_5x15_twine],
          layout_basic, serial_undead, serial_undead_b, serial_undead_d,
          serial_undead_e, serial_undead_a, serial_undead_c, serial_undead_f,
          serial_undead_a, serial_undead_f, serial_undead_c, serial_undead_d,
          serial_shops, shop, shop, shop, shop
Temple:   minmay_temple_bridge_d

Skill      XL: |  1  2  3  4  5  6  7  8  9 10 11 |
---------------+----------------------------------+-----
Dodging        | 2 3 4 5 |  5.3
Transmutations | 3 4 5 6 7 9 |  9.0
Poison Magic   | 2 4 5 7 10 | 10.0
Unarmed Combat | 4 5 7 8 |  8.4
Spellcasting   | 3 4 5 |  5.2
Ice Magic      | 5 |  5.0
Fighting       | |  1.2

Action                     |  1- 3 |  4- 6 |  7- 9 | 10-12 || total
---------------------------+-------+-------+-------+-------++-------
  Melee: Unarmed           |   133 |   118 |   248 |   223 ||   722
         Kick              |    23 |     9 |     1 |       ||    33
         Tailslap          |    10 |     5 |       |     2 ||    17
         Punch             |     5 |       |       |       ||     5
         Headbutt          |    15 |     8 |     1 |       ||    24
  Throw: Dart              |     4 |       |       |    10 ||    14
         Stone             |       |     2 |     1 |       ||     3
   Cast: Beastly Appendage |    27 |    16 |     2 |       ||    45
         Spider Form       |       |    11 |    25 |    11 ||    47
         Wereblood         |       |     1 |     2 |     6 ||     9
         Ice Form          |       |       |     4 |    19 ||    23
         Eringya's Noxious |       |       |       |     2 ||     2
Ability: Breathe Fire      |       |       |     5 |     3 ||     8
    Use: Potion            |       |       |    10 |     1 ||    11
         Scroll            |       |       |     8 |     7 ||    15
   Stab: Sleeping          |     1 |     2 |       |       ||     3
 Armour: Skin              |    50 |     7 |    36 |    64 ||   157
  Dodge: Dodged            |    67 |    70 |   378 |   257 ||   772

Table legend: (Time is in decaauts)
 A = Elapsed time spent in this place.
 B = Non-inter-level travel time spent in this place.
 C = Inter-level travel time spent in this place.
 D = Time resting spent in this place.
 E = Time spent auto-exploring this place.
 F = Levels seen in this place.
 G = Mean time per level.
                   A        B        C        D        E       F      G
               +--------+--------+--------+--------+--------+-----+--------+
         Total |  13973 |  13361 |    612 |   1864 |   8319 |  13 | 1074.8 |
       Dungeon |  13313 |  12791 |    522 |   1753 |   8102 |  11 | 1210.3 |
        Temple |    206 |    116 |     90 |      0 |     89 |   1 |  206.0 |
         Sewer |    452 |    452 |      0 |    111 |    127 |   1 |  452.0 |
               +--------+--------+--------+--------+--------+-----+--------+

Top non-repeatable levels by time:
     D:8: 1889 daAuts
     D:5: 1712 daAuts
     D:6: 1573 daAuts
     D:7: 1548 daAuts
     D:9: 1437 daAuts
     D:4: 1382 daAuts
    D:10: 1366 daAuts
     D:1: 1088 daAuts
     D:2: 656 daAuts
     D:3: 648 daAuts
   Sewer: 452 daAuts
  Temple: 206 daAuts
    D:11: 11 daAuts
